AoeStats
← hadogear

Arabia

508443232Analyzed
1v1 RM · 9d ago on Sep 22, 2026· 139m 45s· 2 players
Game mode
Random Map
Map size
Tiny (2 player)
Population
200
Speed
Normal
Resources
Standard
Victory
Conquest
Starting age
Dark Age
Ending age
Imperial Age
RankedLock teamsTeams togetherTeam positionsShared explorationLock speedFull tech treeHidden civsTurbo modeCheats
Victory
Defeat
🇪🇸 Cumans · Spain
153
+15
🇪🇸 Bohemians · Spain
121
-15
Catalonia4ever
0:43 Loom
13:04 Feudal Age
14:25 Wheelbarrow
14:42 Double-Bit Axe
15:34 Horse Collar
15:23 Man-at-Arms
19:03 Town Watch
24:32 Castle Age
23:53 Fletching
24:14 Forging
25:48 Hand Cart
26:09 Heavy Plow
28:00 Bow Saw
29:11 Bodkin Arrow
31:37 Ballistics
31:51 Elite Skirmisher
32:41 Crossbowman
35:08 Masonry
34:40 Treadmill Crane
36:02 Chemistry
40:45 Imperial Age
37:43 Pikeman
37:45 Long Swordsman
38:26 Squires
38:32 Husbandry
40:22 Iron Casting
39:41 Guard Tower
39:48 Murder Holes
39:58 Town Patrol
42:34 Two-Man Saw
41:26 Arrowslits
42:12 Architecture
42:46 Blast Furnace
42:07 Cavalier
42:08 Light Cavalry
43:12 Conscription
50:28 Halberdier
50:28 Two-Handed Swordsman
51:42 Arbalester
54:39 Arson
57:09 Elite Hussite Wagon
58:25 Wagenburg Tactics
60:11 Champion
66:21 Houfnice
67:30 Hussite Reforms
69:23 Bombard Tower
69:25 Redemption
69:18 Atonement
69:30 Fervor
69:43 Sanctity
69:27 Devotion
69:57 Illumination
hadogear
5:28 Loom
12:18 Feudal Age
14:24 Double-Bit Axe
18:19 Man-at-Arms
22:01 Wheelbarrow
22:06 Stone Mining
22:22 Horse Collar
23:36 Town Watch
25:19 Forging
26:07 Padded Archer Armor
26:06 Fletching
28:19 Scale Mail Armor
32:16 Castle Age
31:06 Scale Barding Armor
33:18 Hand Cart
33:04 Gold Mining
34:53 Crossbowman
35:38 Thumb Ring
35:52 Town Patrol
36:38 Bow Saw
37:06 Iron Casting
36:47 Chain Mail Armor
36:52 Leather Archer Armor
38:38 Murder Holes
40:03 Steppe Husbandry
39:49 Elite Skirmisher
41:04 Masonry
43:48 Imperial Age
42:14 Squires
41:36 Long Swordsman
42:18 Bodkin Arrow
43:55 Bloodlines
44:10 Chain Barding Armor
45:13 Conscription
44:42 Onager
46:04 Gold Shaft Mining
45:40 Heavy Plow
47:11 Two-Handed Swordsman
48:56 Blast Furnace
48:28 Plate Mail Armor
48:48 Champion
50:51 Cavalier
53:10 Plate Barding Armor
53:10 Parthian Tactics
54:55 Two-Man Saw
53:43 Pikeman
56:47 Chemistry
56:15 Paladin
71:13 Ring Archer Armor
70:39 Heated Shot
131:27 Arson
Connection lost

Rejoining the realm…

Still unreachable

The connection could not be restored.

Session expired

The server has moved on; the page needs a fresh start.